 Dungeon Crawl Stone Soup version 0.30.2 (webtiles) character file.

Game seed: 15277592772302050996

15692 porpoise the Marksminotaur (level 12, -4/95 HPs)
             Began as a Minotaur Hunter on Apr 12, 2024.
             Was a Priest of Hepliaklqana.
             Slain by a death yak (12 damage)
             ... on level 2 of the Lair of Beasts.
             The game lasted 00:33:35 (13038 turns).

porpoise the Marksminotaur (Minotaur Hunter)       Turns: 13038, Time: 00:33:36

Health: -4/95      AC: 11    Str: 17    XL:     12   Next: 3%
Magic:  16/16      EV: 13    Int:  6    God:    Hepliaklqana [***...]
Gold:   1714       SH:  0    Dex: 18    Spells: 11/11 levels left

rFire   + . .        a - +1 shortbow
rCold   . . .        (shield currently unavailable)
rNeg    + . .        A - +1 ring mail {rPois}
rPois   +            (helmet restricted)
rElec   .            d - +1 cloak
rCorr   .            M - +0 pair of gloves
SInv    .            (no boots)
Will    .....        l - amulet of regeneration
Stlth   +            J - ring of positive energy
HPRegen 1.15/turn    C - ring of protection from fire
MPRegen 0.15/turn

%: no passive effects
@: no status effects
A: reduced essence, horns 2, retaliatory headbutt
a: Renounce Religion, Recall Ancestor, Ancestor Identity, Transference


You were on level 2 of the Lair of Beasts.
You worshipped Hepliaklqana.
Hepliaklqana was most pleased with you.
You visited 3 branches of the dungeon, and saw 13 of its levels.
You also visited: Sewer.

You collected 1714 gold pieces.

Inventory:

Hand Weapons
 a - a +1 shortbow (weapon)
 b - the +3 hand axe of Butchery {freeze, Fly rC+ Str+4}
   (You found it on level 1 of the Lair of Beasts)

   Str:       It affects your strength (+4).
   rC:        It protects you from cold.
   Fly:       It grants you flight.
 i - the +3 great mace of the Spinneret {elec, rElec Int+3}
   (You found it on level 2 of the Lair of Beasts)

   Int:       It affects your intelligence (+3).
   rElec:     It insulates you from electricity.
Missiles
 g - 4 curare-tipped darts
 I - 2 throwing nets
Armour
 d - a +1 cloak (worn)
 A - a +1 ring mail of poison resistance (worn)
 M - a +0 pair of gloves (worn)
Jewellery
 k - a ring of flight
 l - an amulet of regeneration (around neck)
 C - a ring of protection from fire (right hand)
 J - a ring of positive energy (left hand)
Wands
 e - a wand of polymorph (17)
 o - a wand of mindburst (6)
 t - a wand of charming (3)
 B - a wand of flame (15)
 K - a wand of iceblast (4)
Scrolls
 f - 2 scrolls of fear
 h - a scroll of brand weapon {unknown}
 j - 2 scrolls of teleportation
 p - a scroll of poison
 x - 8 scrolls of identify
 E - a scroll of silence
Potions
 m - a potion of haste
 n - 2 potions of attraction
 H - a potion of resistance
 N - a potion of lignification
Miscellaneous
 O - a tin of tremorstones (2/2)


   Skills:
 + Level 9.6 Fighting
 - Level 16.0 Ranged Weapons
 - Level 9.0 Armour
 + Level 4.7 Dodging
 - Level 0.7 Stealth
 - Level 7.0 Invocations
 + Level 1.4 Evocations


You had 11 spell levels left.
You didn't know any spells.
Your spell library contained the following spells:

 Spells                   Type           Power      Damage    Failure   Level
 Apportation              Tloc           0%         N/A       63%         1
 Kiss of Death            Conj/Necr      0%         2d5       63%         1
 Necrotise                Necr           0%         1d4       63%         1
 Summon Small Mammal      Summ           0%         N/A       63%         1
 Blink                    Tloc           0%         N/A       77%         2
 Confusing Touch          Hex            0%         N/A       94%         3
 Ozocubu's Armour         Ice            0%         N/A       94%         3
 Summon Guardian Golem    Hex/Summ       0%         N/A       94%         3
 Tukima's Dance           Hex            0%         N/A       94%         3
 Dispel Undead            Necr           0%         3d6       100%        4
 Manifold Assault         Tloc           0%         N/A       100%        4
 Passage of Golubria      Tloc           0%         N/A       100%        4
 Metabolic Englaciation   Hex/Ice        0%         N/A       100%        5
 Yara's Violent Unravell  Hex/Tmut       0%         3d3       100%        5
 Simulacrum               Ice/Necr       0%         N/A       100%        6
 Orb of Destruction       Conj           0%         9d5       100%        7
 Spellforged Servitor     Conj/Summ      0%         N/A       100%        7
 Storm Form               Tmut/Air       0%         N/A       100%        7


Dungeon Overview and Level Annotations

Branches:
Dungeon (10/15)            Temple (1/1) D:6            Lair (2/5) D:10
  Snake (0/4) Lair:2          Orc (0/2) D:10          Sewer (visited)
  Swamp: Lair:2-3    Shoals: Lair:2-3

Altars:
Ashenzari
Fedhas
Hepliaklqana
Kikubaaqudgha
Makhleb
Uskayaw
Vehumet
Xom
Zin
The Shining One

Shops:
D:5 =   D:8 (   D:9 *

Annotations:
Lair:1 exclusion: ice statue


Innate Abilities, Weirdness & Mutations

Your life essence is reduced to manifest your ancestor. (-10% HP)
You have a pair of horns on your head.
You reflexively headbutt those who attack you in melee.


Message History

The death yak misses you. You furiously retaliate!
You headbutt the death yak, but do no damage.
You shoot an arrow. The arrow hits the death yak!
The death yak is heavily wounded.
The death yak gores you.
* * * LOW HITPOINT WARNING * * *
You shoot an arrow. The arrow hits the death yak.
The death yak is heavily wounded.
The death yak gores you but does no damage.
You feel better. The death yak closely misses you. You furiously retaliate!
You headbutt the death yak.
You feel better. The death yak gores you.
* * * LOW HITPOINT WARNING * * *
You feel better. The death yak gores you!
* * * LOW HITPOINT WARNING * * *
You feel better.
The death yak gores you but does no damage.
You feel better. The death yak gores you!
* * * LOW HITPOINT WARNING * * *
You are confused.
You feel invigorated. The death yak misses you. The death yak gores you!
* * * LOW HITPOINT WARNING * * *
The death yak gores you!
* * * LOW HITPOINT WARNING * * *
The death yak misses you. The death yak gores you!
* * * LOW HITPOINT WARNING * * *
You bump into the rock wall.
You feel less invigorated.
You feel less confused. The death yak closely misses you.
You shoot an arrow. The arrow hits the death yak!
The death yak is severely wounded.
You shoot an arrow. The arrow barely misses the death yak.
The death yak gores you!
* * * LOW HITPOINT WARNING * * *
You shoot an arrow. The arrow hits the death yak.
The death yak is severely wounded.
The death yak gores you!
You die...

###..###.........
#...##.........
####.#.
##..##.........
......###
#..##.........
........
#.............
.......##
##.......####.
..$.....#
###Y..#.#.#
.......#
##..Y#######
.......# #.#.#@#
......## #.†####
.......# ##..#
......#####..##
....RY...#...#
....#.P....###
...P#####..#
..### #...# ..
##....


You could see 2 death yaks.

Vanquished Creatures
  A boulder beetle (Lair:2)
  A two-headed ogre (D:10)
  A death yak (Lair:2)
  A cane toad (Lair:1)
  A komodo dragon (Lair:1)
  A troll (D:6)
  Grinder (D:3)
  Sigmund (D:4)
  A wyvern (D:7)
  15 yaks
  A steam dragon (D:7)
  Duvessa (D:4)
  3 water moccasins
  6 orc warriors
  An ice beast (D:5)
  3 black bears
  4 ogres
  A phantom (D:5)
  2 centaurs
  8 kobold brigands
  5 bullfrogs
  3 scorpions
  2 wights (D:9)
  Dowan (D:4)
  4 killer bees
  An electric eel (Lair:1)
  5 orc priests
  2 hounds
  2 jellies
  A sleepcap (D:6)
  3 iguanas
  10 orc wizards
  3 gnolls (D:3)
  6 adders
  A river rat (Sewer)
  A shadow imp (D:7)
  A white imp (D:5)
  8 worms
  3 dart slugs
  38 orcs
  8 endoplasms
  6 giant cockroaches
  5 goblins
  8 hobgoblins
  9 jackals
  21 kobolds
  3 quokkas
  9 ball pythons
  2 bats (D:1)
  4 frilled lizards
  13 rats
242 creatures vanquished.

Vanquished Creatures (collateral kills)
  Harold (D:9)
  A death yak (Lair:2)
  A black mamba (Lair:1)
  3 cane toads (Lair:1)
  A komodo dragon (D:9)
  A hornet (D:9)
  A wraith (D:10)
  7 yaks
  2 basilisks (Lair:1)
  2 steam dragons
  3 water moccasins (Lair:1)
  3 orc warriors
  4 black bears (Lair:1)
  4 centaurs
  A kobold brigand (D:9)
  2 bullfrogs
  A scorpion (Lair:1)
  2 wights (D:9)
  A killer bee (D:9)
  An orc priest (D:10)
  An orc wizard (D:9)
  3 orcs
  A kobold (D:9)
47 creatures vanquished.

Vanquished Creatures (others)
  7 knights
  2 ancestors
9 creatures vanquished.

Grand Total: 298 creatures vanquished

Notes
Turn   | Place    | Note
-------+----------+-------------------------------------------
     0 | D:1      | porpoise the Minotaur Hunter began the quest for the Orb.
     0 | D:1      | Reached XP level 1. HP: 18/18 MP: 0/0
   169 | D:1      | Reached XP level 2. HP: 25/25 MP: 1/1
   246 | D:1      | Found a faded altar of an unknown god.
   249 | D:1      | Reached skill level 1 in Armour
   465 | D:1      | Reached skill level 5 in Ranged Weapons
   680 | D:1      | Reached XP level 3. HP: 31/31 MP: 2/2
  1290 | D:2      | You are sucked into a shaft and drop 1 floor!
  1367 | D:3      | Reached XP level 4. HP: 29/38 MP: 3/3
  1519 | D:3      | Noticed Grinder
  1704 | D:3      | Paralysed by Grinder for 4 turns
  1711 | D:3      | Killed Grinder
  1712 | D:3      | Reached skill level 6 in Ranged Weapons
  1712 | D:3      | Reached XP level 5. HP: 45/47 MP: 4/4
  1712 | D:3      | Reached XP level 6. HP: 51/53 MP: 5/5
  2322 | D:4      | Noticed Duvessa
  2347 | D:4      | HP: 2/53 [Duvessa/+0 short sword (10)]
  2348 | D:4      | Killed Duvessa
  2349 | D:4      | Reached skill level 7 in Ranged Weapons
  2430 | D:4      | Noticed Dowan
  2445 | D:4      | Killed Dowan
  2446 | D:4      | Reached XP level 7. HP: 52/60 MP: 6/6
  2496 | D:4      | Reached skill level 5 in Fighting
  2782 | D:4      | Noticed Sigmund
  2797 | D:4      | Killed Sigmund
  2798 | D:4      | Reached skill level 8 in Ranged Weapons
  2947 | D:4      | Reached skill level 5 in Armour
  2965 | D:4      | Found a radiant altar of Vehumet.
  3333 | D:5      | Entered Level 5 of the Dungeon
  3406 | D:5      | Reached XP level 8. HP: 41/70 MP: 7/7
  3550 | D:5      | Reached skill level 9 in Ranged Weapons
  3858 | D:5      | Found Jysuj's Jewellery Shop.
  4220 | D:6      | Found a glowing drain.
  4229 | Sewer    | Entered a sewer
  4274 | Sewer    | Reached skill level 10 in Ranged Weapons
  4657 | Sewer    | Reached XP level 9. HP: 81/81 MP: 8/8
  4867 | D:6      | Found a staircase to the Ecumenical Temple.
  4884 | Temple   | Entered the Ecumenical Temple
  4893 | Temple   | Became a worshipper of Hepliaklqana the Forgotten
  4967 | D:6      | Noticed a troll
  4976 | D:6      | Killed a troll
  4977 | D:6      | Reached skill level 11 in Ranged Weapons
  5187 | D:6      | Found a burning altar of Makhleb.
  6038 | D:7      | Identified a scroll of acquirement
  6038 | D:7      | Acquired 848 gold pieces
  6344 | D:7      | Reached * piety under Hepliaklqana
  6535 | D:7      | Reached skill level 12 in Ranged Weapons
  7243 | D:7      | Found a blossoming altar of Fedhas.
  7322 | D:8      | Found a broken altar of Ashenzari.
  7415 | D:8      | HP: 2/74 [orc warrior/+0 war axe (4)]
  7420 | D:8      | Reached skill level 1 in Invocations
  7943 | D:8      | Found Ticits Vaax's Weapon Shop.
  8079 | D:8      | Reached ** piety under Hepliaklqana
  8080 | D:8      | Remembered your ancestor Nikki as a knight
  8086 | D:8      | Reached skill level 13 in Ranged Weapons
  8086 | D:8      | Reached XP level 10. HP: 81/81 MP: 10/10
  8804 | D:9      | Found a glowing silver altar of Zin.
  8805 | D:9      | Found Zin's Purification Station.
  8989 | D:9      | Found an ancient bone altar of Kikubaaqudgha.
  8994 | D:9      | Noticed a +0 dagger
  8996 | D:9      | Noticed a +0 dagger
  8999 | D:9      | Found a hide-covered altar of Uskayaw.
  9041 | D:9      | Noticed Harold
  9053 | D:9      | Killed Harold
  9054 | D:9      | Reached skill level 14 in Ranged Weapons
  9585 | D:10     | Entered Level 10 of the Dungeon
  9801 | D:10     | Reached XP level 11. HP: 87/87 MP: 13/13
 10049 | D:10     | Found a staircase to the Orcish Mines.
 10091 | D:10     | Reached skill level 5 in Invocations
 10203 | D:10     | Reached *** piety under Hepliaklqana
 10439 | D:10     | Noticed a two-headed ogre
 10454 | D:10     | Killed a two-headed ogre
 10455 | D:10     | Reached skill level 15 in Ranged Weapons
 10552 | D:10     | Found a staircase to the Lair.
 10774 | Lair:1   | Entered Level 1 of the Lair of Beasts
 11560 | Lair:1   | Identified the +3 hand axe of Butchery {freeze, Fly rC+
                  | Str+4}
 12049 | Lair:1   | Reached skill level 16 in Ranged Weapons
 12714 | Lair:2   | Noticed a boulder beetle
 12825 | Lair:2   | Killed a boulder beetle
 12882 | Lair:2   | Found a staircase to the Snake Pit.
 12884 | Lair:2   | Identified the +3 great mace of the Spinneret {elec, rElec
                  | Int+3}
 12886 | Lair:2   | Noticed a death yak
 12886 | Lair:2   | Noticed a death yak
 12924 | Lair:2   | Killed a death yak
 12925 | Lair:2   | Reached skill level 1 in Evocations
 12976 | Lair:2   | Noticed a death yak
 12995 | Lair:2   | Noticed a death yak
 12998 | Lair:2   | Killed a death yak
 12999 | Lair:2   | Reached XP level 12. HP: 94/95 MP: 16/16
 13000 | Lair:2   | Noticed a death yak
 13038 | Lair:2   | Slain by a death yak

Illustrated notes

Levels and vault maps discovered:
D:1:      dpeg_arrival_tiny_d, layout_basic,
          hellmonk_ecumenical_altar_pennies_from_heaven, chequers_mini_garden
D:2:      layout_basic, minmay_tromino_v4_a
D:3:      layout_loops_ring, nicolae_figureground_sparkle, uniq_grinder
D:4:      layout_loops_ring, lemuel_doored_altar, nicolae_hexahallways,
          uniq_duvessa, uniq_sigmund
D:5:      layout_loops_cross, serial_shops, nicolae_shop_advertising_works
          [nicolae_subvault_shop_adworks], minmay_misc_feat_x
D:6:      layout_layer_cave, mainiacjoe_overflow_small_starburst,
          minmay_temple_entry_offerings, portal_sewer_entry_b
D:7:      layout_loops_corners, lemuel_coloured_pillars_altar,
          kennysheep_generic_room_3
D:8:      layout_gridville, ashenzari_altar_1, serial_shops,
          nicolae_shop_bloodbath_and_beyond
D:9:      layout_basic, dancing_weapons_uskayaw, mainiacjoe_overflow_24_doors,
          zin_purify, minmay_misc_feat_four_crosses, st_stairs_3, uniq_harold
D:10:     layout_roguey, grunt_lair_entry_orc_guard_hut, orc_0_dummy,
          st_stairs_10, hive_lemuel
Temple:   nicolae_temple_superstar
Lair:1:   statuecave_lemuel, layout_misc_corridors, beast_lair_carwin_8,
          serial_bayou_shore_b
Lair:2:   layout_cave_pods, dummy_snake_entry

Skill      XL: |  1  2  3  4  5  6  7  8  9 10 11 |
---------------+----------------------------------+-----
Armour         | 1 3 4 5 7 9 |  9.0
Fighting       | 3 4 6 7 9 |  9.6
Ranged Weapons | 5 6 7 8 10 13 14 16 | 16.0
Invocations    | 1 4 7 |  7.0
Dodging        | 4 |  4.7
Evocations     | 1 |  1.4
Stealth        | |  0.7

Action                     |  1- 3 |  4- 6 |  7- 9 | 10-12 || total
---------------------------+-------+-------+-------+-------++-------
  Melee: Shortbow          |       |       |       |     1 ||     1
   Fire: Shortbow          |   148 |    94 |   510 |   566 ||  1318
 Invoke: Ancestor Life: Kn |       |       |     1 |       ||     1
         Ancestor Identity |       |       |     1 |       ||     1
         Recall Ancestor   |       |       |       |     1 ||     1
  Evoke: Wand              |       |     4 |     2 |     3 ||     9
    Use: Potion            |       |     2 |     2 |     8 ||    12
         Scroll            |       |     3 |    15 |     3 ||    21
 Armour: Ring mail         |    20 |     8 |    66 |    77 ||   171
         Leather armour    |     5 |       |       |       ||     5
         Skin              |       |     1 |       |       ||     1
  Dodge: Dodged            |    31 |    24 |   131 |   147 ||   333
